 Dungeon Crawl Stone Soup version 0.22.0-13-g43fe8f2 (webtiles) character file.

18984 HaroldButt the Geomancer (level 12, -1/73 HPs)
             Began as a Gargoyle Earth Elementalist on Aug 16, 2018.
             Was an Elder of Vehumet.
             Killed from afar by a lindwurm (17 damage)
             ... with a blast of flame
             ... on level 4 of the Lair of Beasts.
             The game lasted 01:22:48 (15994 turns).

HaroldButt the Geomancer (GrEE)                    Turns: 15994, Time: 01:22:50

Health: -1/73      AC: 12    Str: 17    XL:     12   Next: 64%
Magic:  0/21       EV: 14    Int: 20    God:    Vehumet [****..]
Gold:   1003       SH:  0    Dex: 10    Spells: 8/23 levels left

rFire    + . .     SeeInvis .   G - +5 dagger "Vupih" {drain, rF+ Str+4}
rCold    . . .     Gourm    .   (no shield)
rNeg     + . .     Faith    .   p - +1 robe {MR+}
rPois    ∞         Spirit   .   (no helmet)
rElec    +         Reflect  .   (no cloak)
rCorr    .         Harm     .   (no gloves)
MR       +....                  (no boots)
Stlth    ++........             m - amulet of rage
HPRegen  0.22/turn              (no ring)
MPRegen  0.17/turn              (no ring)

@: no status effects
A: negative energy resistance 1, electricity resistance, unbreathing,
petrification resistance, rot immunity, AC +8
a: Renounce Religion, Evoke Berserk Rage


You were on level 4 of the Lair of Beasts.
You worshipped Vehumet.
Vehumet was greatly pleased with you.
You were hungry.

You visited 2 branches of the dungeon, and saw 15 of its levels.

You collected 1003 gold pieces.


Innate Abilities, Weirdness & Mutations

You are resistant to torment.
Your stone body is resilient. (AC +8)
You are immune to poison.
You resist negative energy. (rN+)
You are resistant to electric shocks. (rElec)
You can survive without breathing.
You are immune to petrification.
You are immune to rotting.


   Skills:
 - Level 8.0 Fighting
 - Level 8.0 Armour
 + Level 6.4 Dodging
 - Level 2.1 Stealth
 - Level 6.1 Spellcasting
 - Level 12.0 Conjurations
 - Level 0.7 Transmutations
 - Level 12.0 Earth Magic


You had 8 spell levels left.
You knew the following spells:

 Your Spells              Type           Power        Failure   Level  Hunger
c - Petrify               Tmut/Erth      ####....     8%          4    ####...
x - Stone Arrow           Conj/Erth      ######       1%          3    ##.....
z - Sandblast             Erth           ######       1%          1    None
N - Passwall              Tmut/Erth      ####....     1%          2    None
X - Lee's Rapid Deconstr  Erth           ######....   1%          5    #####..

Your spell library contained the following spells:

 Spells                   Type           Power        Failure   Level  Hunger
 Magic Dart               Conj           ####         1%          1    None
 Apportation              Tloc           #.....       11%         1    None
 Conjure Flame            Conj/Fire      ####....     1%          3    ##.....
 Slow                     Hex            #.......     16%         2    None
 Throw Frost              Conj/Ice       ####..       1%          2    None
 Mephitic Cloud           Conj/Pois/Air  ###.....     1%          3    ##.....
 Summon Small Mammal      Summ           #...         11%         1    None
 Blink                    Tloc           N/A          16%         2    None
 Iskenderun's Mystic Bla  Conj           ######..     1%          4    ####...
 Animate Skeleton         Necr           N/A          11%         1    None
 Freeze                   Ice            #...         3%          1    None
 Summon Ice Beast         Ice/Summ       #.......     71%         4    ####...
 Ozocubu's Armour         Chrm/Ice       #.......     30%         3    ##.....
 Call Imp                 Summ           #.......     16%         2    None
 Throw Icicle             Conj/Ice       ####....     2%          4    ####...
 Confusing Touch          Hex            #.....       11%         1    None
 Fulminant Prism          Conj/Hex       ####......   2%          4    ####...
 Dazzling Spray           Conj/Hex       ####..       1%          3    ##.....
 Force Lance              Conj/Tloc      ####....     2%          4    ####...
 Searing Ray              Conj           ######       1%          2    None

Inventory:

Hand Weapons
 h - a +3 whip of holy wrath
 l - a +5 whip of electrocution
 B - a +0 quarterstaff of electrocution
 G - the +5 dagger "Vupih" (weapon) {drain, rF+ Str+4} A truly terrible weapon, it drains the life of those it strikes. It affects your strength (+4). It protects you from fire.
Missiles
 a - 2 throwing nets {=f}
 b - 97 stones (quivered)
Armour
 p - a +1 robe of magic resistance (worn)
 A - a +1 ring mail of magic resistance
Jewellery
 m - an amulet of rage (around neck)
 u - an uncursed ring of ice
Wands
 n - a wand of digging (33)
 x - a wand of flame (96)
 E - a wand of clouds (6)
Scrolls
 f - 6 scrolls of fog
 i - 4 scrolls of remove curse
 o - a scroll of enchant armour
 q - 2 scrolls of magic mapping
 r - 5 scrolls of teleportation {@r4}
 t - 5 scrolls of identify {@r1}
 v - 3 scrolls of blinking
 w - a scroll of immolation {!r}
 z - a scroll of torment {!r}
 F - a scroll of fear
Potions
 c - 2 potions of cancellation
 e - 4 potions of flight
 g - 5 potions of heal wounds {@q2}
 j - 3 potions of brilliance
 k - 5 potions of curing {@q1}
 s - 2 potions of haste {@q3}
 H - a potion of invisibility {unknown}
Comestibles
 d - 19 rations

Dungeon Overview and Level Annotations

Branches:
Dungeon (11/15)            Temple (0/1) D:7            Lair (4/6) D:8
  Swamp (0/4) Lair:3
  Snake: Lair:2-4    Spider: Lair:2-4       Orc: D:9-12

Altars:
Ashenzari
Cheibriados
Kikubaaqudgha
Nemelex Xobeh
Okawaru
Sif Muna
Trog
Uskayaw
Vehumet
Zin
The Shining One

Shops:
D:5 :

Annotations:
D:5 2 transporters

▒.......... ▒..........
▒.......... ▒.....>....
▒▒....▒▒▒▒▒. ▒....▒▒
▒..▒▒▒ ▒▒▒▒..▒▒ ▒▒▒ f▒▒
▒▒P▒.P.8▒▒▒▒▒f▒▒▒▒▒....
▒.=......l......†...+
▒▒....>......†...▒▒▒...
▒.............▒.P▒
▒.............+.▒▒
▒.............▒▒▒
▒▒▒▒.▒▒▒..▒..▒▒ ▒▒▒
▒▒▒▒▒▒▒


You could see a lindwurm.


Message History

Press: ? - help, Shift-Dir - straight line, f - lindwurm
Aim: a lindwurm (lightly wounded, catching its breath)
The blast of sand hits the lindwurm.
The lindwurm is almost dead.
b - 98 stones The lindwurm misses you.
The lindwurm claws you but does no damage.
The lindwurm claws you.
You hit the lindwurm but do no damage.
The lindwurm is almost dead.
The lindwurm bites you!
* * * LOW HITPOINT WARNING * * *
The lindwurm claws you but does no damage.
The lindwurm misses you.
Cast which spell? (? or * to list)
Aiming: Sandblast (safe; 1% risk of failure)
Press: ? - help, Shift-Dir - straight line, f/p - lindwurm
Aim: a lindwurm (almost dead)
The blast of sand hits the lindwurm.
The lindwurm is almost dead.
b - 97 stones You are feeling hungry.
The lindwurm breathes flames at you. The blast of flame hits you! You resist.
* * * LOW HITPOINT WARNING * * *
The lindwurm breathes flames at you. The blast of flame hits you! You resist.
You die...

Action                   |  1- 3 |  4- 6 |  7- 9 | 10-12 || total
-------------------------+-------+-------+-------+-------++-------
Melee: Mace              |    64 |    17 |       |       ||    81
       Whip              |       |   253 |   150 |   301 ||   704
       Dagger            |       |       |       |    15 ||    15
       Quarterstaff      |       |       |       |    10 ||    10
 Cast: Sandblast         |    19 |    71 |   121 |   103 ||   314
       Stone Arrow       |       |       |    47 |   176 ||   223
Evoke: Wand              |       |       |       |     2 ||     2
  Use: Scroll            |     1 |     7 |     3 |    15 ||    26
       Potion            |       |     1 |     1 |       ||     2
 Stab: Sleeping          |     2 |       |     1 |     5 ||     8
  Eat: Chunk             |     1 |     8 |    15 |    30 ||    54
       Ration            |       |       |     1 |     1 ||     2
Armor: Robe              |    34 |    38 |   127 |   192 ||   391
Dodge: Dodged            |    56 |    59 |   195 |   283 ||   593

Vault maps used:
D:1:      minmay_arrival_shattered_statue, minmay_misc_feat_nine_boxes
D:2:      first_ration
D:3:      lemuel_doored_altar, old_standard_altar, lexackson_kobold_supper
D:4:      uniq_blork_the_orc
D:5:      gammafunk_wand_slinger, serial_shops,
          nicolae_shop_temple_entry_statues_fountains,
          minmay_misc_feat_more_columns, tso_metal_star, uniq_ijyb, uniq_duvessa
D:6:      vehumet_altar_wand_db
D:7:      minmay_temple_entry_from_below_a, uniq_menkaure
D:8:      kennysheep_mini_moat, kiku_gazebo_pond_becter,
          overflow_temple_1_default, grunt_temple_overflow_diamond,
          grunt_lair_entry_orc_guard_hut, trog_eyes_of_draining, uniq_erica,
          uniq_prince_ribbit1, uniq_grum
D:10:     cheibrodos_barr_body, special_room
D:11:     david_orc_2
Lair:1:   uniq_sonja
Lair:2:   infiniplex_staircase_pool
Lair:3:   swamp_mist
Lair:4:   spider_nest_entry_a, beast_lair_carwin_5, lemuel_fruit_fields,
          uniq_josephine

Notes
Turn   | Place    | Note
-------+----------+-------------------------------------------
     0 | D:1      | HaroldButt the Gargoyle Earth Elementalist began the quest for the Orb.
     0 | D:1      | Reached XP level 1. HP: 10/10 MP: 3/3
   323 | D:1      | Reached skill level 4 in Earth Magic
   341 | D:1      | Reached XP level 2. HP: 9/15 MP: 0/5
   476 | D:1      | Learned a level 2 spell: Passwall
   888 | D:2      | Reached skill level 5 in Earth Magic
   888 | D:2      | Reached XP level 3. HP: 17/19 MP: 1/6
  1061 | D:2      | Learned a level 3 spell: Stone Arrow
  1228 | D:2      | Reached XP level 4. HP: 24/24 MP: 5/7
  1348 | D:3      | Reached skill level 6 in Earth Magic
  1525 | D:3      | Reached XP level 5. HP: 20/28 MP: 8/8
  1805 | D:3      | Found a sparkling altar of Nemelex Xobeh.
  1866 | D:3      | Reached skill level 7 in Earth Magic
  2092 | D:3      | Found a deep blue altar of Sif Muna.
  2789 | D:4      | Reached XP level 6. HP: 32/32 MP: 7/9
  2819 | D:4      | Reached skill level 8 in Earth Magic
  2877 | D:4      | Reached skill level 1 in Conjurations
  3157 | D:4      | Reached skill level 2 in Conjurations
  3192 | D:5      | Entered Level 5 of the Dungeon
  3194 | D:5      | Reached skill level 3 in Conjurations
  3229 | D:5      | Reached XP level 7. HP: 11/36 MP: 0/10
  3434 | D:4      | Reached skill level 4 in Conjurations
  3563 | D:4      | Noticed Blork the orc
  3569 | D:4      | Killed Blork the orc
  3605 | D:4      | Reached skill level 5 in Conjurations
  4032 | D:5      | Noticed Ijyb
  4032 | D:5      | Noticed Dowan
  4034 | D:5      | Noticed Duvessa
  4128 | D:4      | Killed Ijyb
  4246 | D:5      | Killed Duvessa
  4246 | D:5      | Reached skill level 6 in Conjurations
  4394 | D:5      | Found Xudomialan's Book Shop.
  4440 | D:5      | Reached skill level 7 in Conjurations
  4440 | D:5      | Reached XP level 8. HP: 19/41 MP: 6/11
  4623 | D:5      | Killed Dowan
  4666 | D:5      | Found a glowing golden altar of the Shining One.
  4684 | D:5      | Found a transporter.
  4685 | D:5      | Noticed a kobold demonologist
  4812 | D:5      | Found a transporter.
  5193 | D:5      | Reached skill level 8 in Conjurations
  5240 | D:5      | Reached skill level 3 in Spellcasting
  5556 | D:6      | Reached skill level 4 in Spellcasting
  5627 | D:6      | Reached skill level 5 in Spellcasting
  5746 | D:5      | Reached XP level 9. HP: 31/45 MP: 3/17
  5921 | D:6      | Found a radiant altar of Vehumet.
  5925 | D:6      | Reached skill level 6 in Spellcasting
  5937 | D:6      | Became a worshipper of Vehumet
  6026 | D:6      | Reached skill level 9 in Earth Magic
  6653 | D:7      | Noticed Menkaure
  6658 | D:7      | Killed Menkaure
  6772 | D:7      | Reached skill level 10 in Earth Magic
  6999 | D:7      | Found a staircase to the Ecumenical Temple.
  7245 | D:8      | Reached skill level 11 in Earth Magic
  7252 | D:8      | Noticed Grum
  7259 | D:8      | Killed Grum
  8179 | D:8      | Reached XP level 10. HP: 50/50 MP: 17/19
  8238 | D:8      | Reached skill level 12 in Earth Magic
  8297 | D:8      | Found a glowing silver altar of Zin.
  8639 | D:8      | Reached skill level 9 in Conjurations
  8790 | D:8      | Found a bloodstained altar of Trog.
  8813 | D:8      | Found an ancient bone altar of Kikubaaqudgha.
  8928 | D:8      | Reached * piety under Vehumet
  8928 | D:8      | Offered knowledge of Magic Dart by Vehumet.
  8944 | D:8      | Learned a level 4 spell: Petrify
  8950 | D:8      | Learned a level 5 spell: Lee's Rapid Deconstruction
  9002 | D:8      | Noticed Prince Ribbit
  9010 | D:8      | Killed Prince Ribbit
  9092 | D:8      | Found an iron altar of Okawaru.
  9095 | D:8      | Found a snail-covered altar of Cheibriados.
  9098 | D:8      | Found a hide-covered altar of Uskayaw.
  9122 | D:8      | Found a staircase to the Lair.
  9183 | D:8      | Noticed Erica
  9265 | D:8      | Killed Erica
  9265 | D:8      | Reached skill level 10 in Conjurations
  9395 | D:8      | Found a shattered altar of Ashenzari.
  9697 | D:9      | Reached skill level 11 in Conjurations
 10153 | D:10     | Entered Level 10 of the Dungeon
 10236 | D:10     | Reached ** piety under Vehumet
 10236 | D:10     | Offered knowledge of Sting by Vehumet.
 10426 | D:10     | Reached skill level 12 in Conjurations
 10511 | D:10     | Reached skill level 1 in Fighting
 10511 | D:10     | Reached XP level 11. HP: 42/56 MP: 20/20
 10595 | D:10     | Reached skill level 2 in Fighting
 10609 | D:10     | Reached skill level 3 in Fighting
 10738 | D:10     | Reached skill level 4 in Fighting
 10874 | D:10     | Reached skill level 5 in Fighting
 10892 | D:10     | Offered knowledge of Inner Flame by Vehumet.
 10906 | D:10     | Reached skill level 6 in Fighting
 11384 | D:10     | Noticed a two-headed ogre
 11394 | D:10     | Killed a two-headed ogre
 11394 | D:10     | Reached skill level 7 in Fighting
 11695 | D:10     | Reached *** piety under Vehumet
 11725 | D:10     | Reached skill level 8 in Fighting
 11732 | D:10     | Reached skill level 1 in Armour
 12092 | D:10     | Reached skill level 2 in Armour
 12412 | D:10     | Reached skill level 3 in Armour
 12891 | Lair:1   | Entered Level 1 of the Lair of Beasts
 12927 | Lair:1   | Noticed Sonja
 12943 | Lair:1   | Killed Sonja
 12943 | Lair:1   | Offered knowledge of Static Discharge by Vehumet.
 12943 | Lair:1   | Reached skill level 5 in Armour
 13236 | Lair:1   | Reached skill level 6 in Armour
 13718 | Lair:1   | Reached XP level 12. HP: 73/73 MP: 16/21
 13921 | Lair:2   | Reached skill level 7 in Armour
 14080 | Lair:2   | Reached skill level 8 in Armour
 14369 | Lair:2   | Reached skill level 2 in Dodging
 14419 | Lair:2   | Noticed a six-headed hydra
 14427 | Lair:2   | Killed a six-headed hydra
 14427 | Lair:2   | Reached skill level 3 in Dodging
 14755 | Lair:2   | Noticed a four-headed hydra
 14765 | Lair:2   | Killed a four-headed hydra
 14765 | Lair:2   | Reached skill level 4 in Dodging
 15093 | Lair:3   | Found a staircase to the Swamp.
 15102 | Lair:3   | Reached **** piety under Vehumet
 15252 | Lair:3   | Got an ichor-stained dagger
 15253 | Lair:3   | Identified the +5 dagger "Vupih" {drain, rF+ Str+4} (You found it on level 3 of the Lair of Beasts)
 15571 | Lair:3   | Reached skill level 5 in Dodging
 15979 | Lair:4   | Reached skill level 6 in Dodging
 15994 | Lair:4   | Killed from afar by a lindwurm

Vanquished Creatures
  2 hydras (Lair:2)
  Erica (D:8)
  A two-headed ogre (D:10)
  Sonja (Lair:1)
  A fire crab (Lair:4)
  2 spiny frogs
  2 rime drakes (Lair:3)
  2 komodo dragons
  A queen bee (D:10)
  Prince Ribbit (D:8)
  3 blink frogs (Lair:4)
  3 hippogriffs
  A basilisk (Lair:2)
  2 wyverns (D:10)
  17 yaks
  Grum (D:8)
  Menkaure (D:7)
  A hungry ghost (D:10)
  A soldier ant (D:10)
  12 water moccasins
  2 porcupines
  Duvessa (D:5)
  5 orc warriors
  A sky beast (D:8)
  2 black bears
  3 phantoms
  An ice beast (D:10)
  2 eyes of draining
  7 ogres
  5 centaurs
  7 wolves
  3 crocodiles
  A big kobold (D:6)
  Blork the orc (D:4)
  9 bullfrogs
  A gnoll sergeant (D:8)
  Dowan (D:5)
  3 scorpions
  A wyvern skeleton (D:7)
  24 killer bees
  An electric eel (Lair:2)
  A howler monkey (D:9)
  5 crimson imps
  A bullfrog zombie (D:10)
  2 quasits
  7 orc priests
  4 hounds
  A gnoll shaman (D:5)
  14 orc wizards
  4 bullfrog skeletons
  3 iguanas
  Ijyb (D:4)
  10 worker ants
  A killer bee zombie (D:10)
  A hound zombie (D:10)
  2 hound skeletons
  4 worker ant zombies
  11 adders
  18 gnolls
  A shadow imp (D:10)
  An adder zombie (D:9)
  2 adder skeletons
  2 worms (D:2)
  A dart slug (D:3)
  3 leopard geckos
  43 orcs
  5 bats
  5 giant cockroaches
  10 hobgoblins
  4 jackals (D:5)
  16 kobolds
  3 quokkas
  A ball python (D:3)
  6 frilled lizards
  8 goblins
  A leopard gecko skeleton (D:6)
  A quokka skeleton (D:6)
  6 rats
  A bush (D:3)
  A plant (D:3)
348 creatures vanquished.

Vanquished Creatures (others)
  A fungus (D:8)
  A plant (Lair:2)
2 creatures vanquished.

Grand Total: 350 creatures vanquished
